 Dungeon Crawl Stone Soup version 0.24.0-10-g970556be89 (webtiles) character file.

Game seed: 8978370629322880072, levelgen mode: deterministic

3341 GordonOverkill the Blocker (level 9, 0/74 HPs)
             Began as a Minotaur Fighter on Nov 4, 2019.
             Was an Initiate of the Shining One.
             Killed from afar by a deep elf mage (37 damage)
             ... with a bolt of fire
             ... on level 11 of the Dungeon.
             The game lasted 00:13:00 (8639 turns).

GordonOverkill the Blocker (Minotaur Fighter)       Turns: 8639, Time: 00:13:01

Health: 0/74       AC:  9    Str: 24    XL:     9   Next: 72%
Magic:  9/9        EV:  9    Int:  5    God:    the Shining One [......]
Gold:   457        SH: 12    Dex: 10    Spells: 8/8 levels left

rFire    . . .     SeeInvis .   a - +0 war axe
rCold    . . .     Gourm    .   c - +0 shield
rNeg     . . .     Faith    .   h - +4 ring mail
rPois    .         Spirit   .   (helmet restricted)
rElec    .         Reflect  .   (no cloak)
rCorr    .         Harm     .   p - +2 pair of gloves
MR       .....                  (no boots)
Stlth    ..........             (no amulet)
HPRegen  0.22/turn              (no ring)
MPRegen  0.11/turn              (no ring)

@: corroded, glowing
A: retaliatory headbutt, horns 2
a: Renounce Religion


You were on level 11 of the Dungeon.
You worshipped the Shining One.
The Shining One was noncommittal.
You were not hungry.

You visited 2 branches of the dungeon, and saw 10 of its levels.
You also visited: Ossuary.

You collected 457 gold pieces.

Inventory:

Hand Weapons
 a - a +0 war axe (weapon)
 i - a +3 dagger of venom
Missiles
 f - 229 stones
 o - 12 boomerangs (quivered)
Armour
 c - a +0 shield (worn)
 h - a +4 ring mail (worn)
 p - a +2 pair of gloves (worn)
Wands
 t - a wand of flame (11)
Scrolls
 g - a scroll of fog
 k - 2 scrolls of enchant weapon
 m - 2 scrolls of teleportation
 w - 2 scrolls of magic mapping
 y - a scroll of identify
 z - 2 scrolls of remove curse
 A - a scroll of enchant armour
 B - a scroll of immolation
 C - a scroll of blinking
 D - a scroll of fear
 E - a scroll of holy word
Potions
 b - 2 potions of ambrosia
 d - 3 potions of might
 j - a potion of curing
 l - 8 potions of heal wounds
 q - a potion of magic
 r - 2 potions of mutation
 s - a potion of flight
 u - 2 potions of cancellation
 v - 6 potions of haste
 x - 3 potions of brilliance
 G - a potion of agility
Comestibles
 e - 9 rations


   Skills:
 - Level 5.0 Fighting
 + Level 11.3 Axes
 - Level 4.0 Armour
 + Level 11.6 Shields
 + Level 1.4 Invocations


You had 8 spell levels left.
You didn't know any spells.
Your spell library contained the following spells:

 Spells                   Type           Power        Failure   Level  Hunger
 Sublimation of Blood     Necr           #.........   88%         2    ###....
 Ignite Poison            Fire/Tmut/Pois #.......     98%         3    ####...
 Static Discharge         Conj/Air       #.......     98%         3    ####...
 Petrify                  Tmut/Erth      #.......     100%        4    #####..
 Alistair's Intoxication  Tmut/Pois      #.......     100%        5    ######.
 Irradiate                Conj/Tmut      #.........   100%        5    ######.
 Lightning Bolt           Conj/Air       #.........   100%        5    ######.
 Ignition                 Fire           #.........   100%        8    #######
 Shatter                  Erth           #.........   100%        9    #######
 Tornado                  Air            #.........   100%        9    #######


Dungeon Overview and Level Annotations

Branches:
Dungeon (8/15)             Temple (1/1) D:7         Ossuary (visited)
   Lair: D:8-11

Altars:
Ashenzari
Cheibriados
Dithmenos
Fedhas
Gozag
Hepliaklqana
Kikubaaqudgha
Makhleb
Nemelex Xobeh
Okawaru
Qazlal
Ru
Sif Muna
Trog
Uskayaw
Vehumet
Wu Jian
Xom
Yredelemnul
Zin
The Shining One

Annotations:
D:3 2 runed translucent doors, Crazy Yiuf; diiiiiane's ghost, amateur OpAs
D:5 2 transporters, Pizzadoos's ghost, amateur GnWn
D:8 Maurice


Innate Abilities, Weirdness & Mutations

You reflexively headbutt those who attack you in melee.
You have a pair of horns on your head.


Message History

The shaft crumbles and collapses.
You feel a wave of frost pass over you.
There is an entrance to an ice cave on this level.
Hurry and find it before the portal melts!
Reactivating autopickup.
A deep elf mage comes into view. It is wielding a -1 long sword.
The deep elf mage shouts!
A kobold comes into view. It is wielding a -2 club.
The kobold shouts!
You hear a shout!
Unknown command.
Unknown command.
Unknown command.
Unknown command.
A centaur warrior skeleton comes into view.
You block the deep elf mage's attack.
You hit the deep elf mage. Your headbutt misses the deep elf mage.
The deep elf mage is lightly wounded.
The deep elf mage casts a spell at you. The bolt of fire hits you!!!
Ouch! That really hurt!
You die...

## ... ....
#..### ......##
......Z######.#
#.Ke@.....#
#..######....
#..# # #..#
#... ....#
...... ########


You could see a deep elf mage, a kobold and a centaur warrior skeleton.

Vanquished Creatures
  Grinder (D:6)
  2 hippogriffs (D:7)
  A slime creature (D:7)
  Menkaure (D:6)
  A water moccasin (D:7)
  Duvessa (D:6)
  A sky beast (D:7)
  2 ice beasts
  An ogre (D:5)
  An elf zombie (D:6)
  2 bullfrogs (D:6)
  An elf skeleton (D:6)
  A water moccasin zombie (Ossuary)
  A scorpion (D:6)
  Dowan (D:6)
  A howler monkey (D:7)
  2 crimson imps (D:5)
  2 bullfrog zombies
  2 centaur zombies (Ossuary)
  An orc priest (D:5)
  A hound (D:7)
  2 orc wizards
  A centaur skeleton (D:5)
  4 human zombies (D:6)
  A bullfrog skeleton (D:7)
  A jelly (D:8)
  15 mummies (Ossuary)
  2 iguanas
  Natasha (thrice) (D:2)
  8 worker ants
  3 hound zombies (Ossuary)
  2 worker ant zombies (Ossuary)
  7 gnolls
  9 adders
  2 shadow imps
  An ooze (D:3)
  3 adder zombies
  2 adder skeletons
  5 worms
  3 leopard geckos
  18 orcs
  7 giant cockroaches
  6 goblins
  9 hobgoblins
  9 jackals
  3 quokkas
  8 bats
  4 frilled lizards
  A giant cockroach zombie (Ossuary)
  2 jackal zombies
  11 kobolds
  A quokka skeleton (D:4)
  2 quokka zombies (Ossuary)
  13 rats
195 creatures vanquished.

Vanquished Creatures (others)
  A withered plant (Ossuary)
1 creature vanquished.

Grand Total: 196 creatures vanquished

Notes
Turn   | Place    | Note
-------+----------+-------------------------------------------
     0 | D:1      | GordonOverkill the Minotaur Fighter began the quest for the
                  | Orb.
     0 | D:1      | Reached XP level 1. HP: 19/19 MP: 0/0
   255 | D:1      | Reached XP level 2. HP: 27/27 MP: 1/1
   768 | D:2      | Reached XP level 3. HP: 24/33 MP: 2/2
  1005 | D:2      | Reached XP level 4. HP: 18/41 MP: 3/3
  1451 | D:2      | Noticed Natasha
  1459 | D:2      | Killed Natasha
  1679 | D:2      | Noticed Natasha
  1685 | D:2      | Killed Natasha
  1685 | D:2      | Reached XP level 5. HP: 42/47 MP: 4/4
  2330 | D:2      | Noticed Natasha
  2336 | D:2      | Killed Natasha
  2336 | D:2      | Reached skill level 5 in Fighting
  2336 | D:2      | Reached skill level 5 in Shields
  2838 | D:3      | Found a runed translucent door.
  2839 | D:3      | Noticed Crazy Yiuf
  3006 | D:3      | Found a stormy altar of Qazlal.
  3308 | D:3      | Found a runed translucent door.
  3315 | D:3      | Noticed diiiiiane's ghost (amateur OpAs)
  3543 | D:3      | Found an ornate altar of the Wu Jian Council.
  3550 | D:3      | Found a radiant altar of Vehumet.
  3555 | D:3      | Found a shattered altar of Ashenzari.
  3564 | D:3      | Found a shimmering blue altar of Sif Muna.
  3569 | D:3      | Found a glowing silver altar of Zin.
  3576 | D:3      | Found a snail-covered altar of Cheibriados.
  3581 | D:3      | Found a sparkling altar of Nemelex Xobeh.
  3742 | D:4      | Reached XP level 6. HP: 42/56 MP: 5/5
  3995 | D:4      | Reached skill level 5 in Axes
  4570 | D:5      | Entered Level 5 of the Dungeon
  4758 | D:5      | Reached XP level 7. HP: 32/61 MP: 6/6
  5100 | D:5      | Noticed a moth of wrath
  5103 | D:5      | Found a bloodstained altar of Trog.
  5203 | D:5      | Found a snail-covered altar of Cheibriados.
  5441 | D:5      | Noticed Pizzadoos's ghost (amateur GnWn)
  5442 | D:5      | Found a transporter.
  5446 | D:5      | Found a transporter.
  5613 | D:6      | Noticed Duvessa
  5613 | D:6      | Noticed Dowan
  5677 | D:6      | Killed Dowan
  5683 | D:6      | Killed Duvessa
  5833 | D:6      | Reached XP level 8. HP: 57/68 MP: 7/7
  5835 | D:6      | Found a sand-covered staircase.
  5845 | Ossuary  | Entered an ossuary
  6464 | D:6      | Reached skill level 10 in Shields
  6476 | D:6      | Found a shimmering altar of Xom.
  6476 | D:6      | Found a shimmering altar of Xom.
  6477 | D:6      | Found a shimmering altar of Xom.
  6479 | D:6      | Found a shimmering altar of Xom.
  6491 | D:6      | Noticed Grinder
  6503 | D:6      | Killed Grinder
  6503 | D:6      | Reached XP level 9. HP: 61/74 MP: 8/8
  6575 | D:6      | Found a shimmering altar of Xom.
  6611 | D:6      | Reached skill level 10 in Axes
  6913 | D:6      | Noticed Menkaure
  6915 | D:6      | Killed Menkaure
  7048 | D:6      | Got a pitted spear
  7049 | D:6      | Identified the +2 spear of Mourning {vamp, Str+3} (You
                  | found it on level 6 of the Dungeon)
  7626 | D:7      | Found a staircase to the Ecumenical Temple.
  7822 | Temple   | Entered the Ecumenical Temple
  8172 | Temple   | Became a worshipper of the Shining One
  8299 | D:7      | Reached skill level 1 in Invocations
  8616 | D:8      | Noticed Maurice
  8633 | D:8      | You fall into a shaft and drop 3 floors!
  8633 | D:11     | Noticed a deep elf mage
  8639 | D:11     | Killed from afar by a deep elf mage

Levels and vault maps discovered:
D:1:      dpeg_arrival_leaves_temple_mockup, layout_rooms,
          kennysheep_nondescript, palyth_stone_intersect, minmay_misc_feat_five,
          chequers_jeans, hangedman_abyss_or_decor_stabs, minmay_curled_crystal,
          kennysheep_small_spiral
D:2:      layout_basic, first_ration, uniq_natasha
D:3:      layout_rooms, grunt_temple_overflow_octagram,
          ebering_ghost_reflecting_pool, nicolae_qazlal_eye_of_the_storm,
          uniq_crazy_yiuf_cottage
D:4:      layout_loops_corners
D:5:      layout_cave_pools, tgw_trog, gammafunk_ghost_hive, basic_altar,
          st_stairs_14
D:6:      layout_gridville, xom_redecorated, nicolae_ossuary_entry_catacombs,
          minmay_misc_feat_more_columns, uniq_duvessa, uniq_grinder,
          uniq_menkaure
D:7:      minmay_slanted_spiral_squares, layout_rooms, temple_statues
D:8:      layout_rooms, elyvilon_altar_3, erik_lair_island, uniq_harold,
          uniq_joseph, uniq_maurice
D:11:     layout_loops_ring, david_orc_1_choice, special_room
          [special_room_orc], portal_ice_cave_demonic_guard,
          hangedman_stone_soup, minivault_7
Temple:   minmay_temple_forest_path

Skill      XL: |  1  2  3  4  5  6  7  8  9 |
---------------+----------------------------+-----
Shields        | 4 5 6 8 10 11 | 11.6
Armour         | 4 |  4.0
Fighting       | 4 5 |  5.0
Axes           | 3 4 6 7 9 11 | 11.3
Invocations    | 1 |  1.4

Action                   |  1- 3 |  4- 6 |  7- 9 || total
-------------------------+-------+-------+-------++-------
Melee: War axe           |    98 |   194 |   278 ||   570
       Headbutt          |     9 |    26 |    83 ||   118
       Spear             |       |       |    78 ||    78
Throw: Stone             |     2 |       |       ||     2
Evoke: Wand              |       |       |     9 ||     9
  Use: Scroll            |       |       |    23 ||    23
       Potion            |       |       |     1 ||     1
  Eat: Chunk             |       |    13 |    12 ||    25
Armor: Scale mail        |    16 |       |       ||    16
       Chain mail        |    47 |   111 |    26 ||   184
       Ring mail         |       |       |    81 ||    81
Dodge: Dodged            |    27 |    48 |    72 ||   147
Block: Shield            |    83 |   107 |   137 ||   327
